 Dungeon Crawl Stone Soup version 0.31.0-12-g77e489cdc1 (webtiles) character file.

Game seed: 8401953295104443074

9730 Arctor the Thaumaturge (level 11, 0/54 HPs)
             Began as a Deep Elf Fire Elementalist on Feb 22, 2024.
             Was a Believer of Vehumet.
             Slain by an acid dragon (13 damage)
             ... on level 8 of the Dungeon.
             The game lasted 00:21:05 (10419 turns).

Arctor the Thaumaturge (DEFE)                      Turns: 10419, Time: 00:21:05

Health: 0/54       AC:  0    Str:  5    XL:     11   Next: 26%
Magic:  23/27      EV: 22    Int: 28    God:    Vehumet [**....]
Gold:   903        SH:  0    Dex: 15    Spells: 13/30 levels left

rFire   + . .        S - +3 dagger (chaos)
rCold   x . .        (no shield)
rNeg    + . .        a - +0 robe
rPois   .            (no helmet)
rElec   .            L - +0 cloak
rCorr   .            (no gloves)
SInv    .            A - +0 pair of boots
Will    +....        s - amulet "Kuqo" {RegenMP *Corrode rN+ Int+3}
Stlth   ++++         c - ring of fire
HPRegen 0.29/turn    K - +5 ring of evasion
MPRegen 0.60/turn

%: corrode self (3%)
@: corroded
A: no striking features
a: Renounce Religion


You were on level 8 of the Dungeon.
You worshipped Vehumet.
Vehumet was pleased with you.
You visited 3 branches of the dungeon, and saw 12 of its levels.
You also visited: Ossuary.

You collected 903 gold pieces.

Inventory:

Hand Weapons
 j - a +0 mace of protection
 m - a +0 trident of venom
 R - a +0 orcbow
 S - a +3 dagger of chaos (weapon)
Armour
 a - a +0 robe (worn)
 A - a +0 pair of boots (worn)
 L - a +0 cloak (worn)
Magical Staves
 Q - a staff of cold
 U - a staff of earth
Jewellery
 c - a ring of fire (left hand)
 l - a +4 ring of protection
 s - the amulet "Kuqo" (around neck) {RegenMP *Corrode rN+ Int+3}
   (You acquired it on level 5 of the Dungeon)

   [amulet of magic regeneration]

   RegenMP:   It increases your rate of magic regeneration.
   Int+3:     It affects your intelligence (+3).
   rN+:       It protects you from negative energy.
   *Corrode:  It may corrode you when you take damage.
 y - a +4 ring of protection
 H - a ring of see invisible
 K - a +5 ring of evasion (right hand)
 M - an amulet of magic regeneration
 O - a ring of protection from fire
Wands
 g - a wand of flame (20)
 o - a wand of quicksilver (7)
 x - a wand of mindburst (19)
 V - a wand of polymorph (9)
Scrolls
 i - 2 scrolls of enchant armour
 k - 4 scrolls of vulnerability
 n - 3 scrolls of teleportation
 q - 2 scrolls of poison
 r - 2 scrolls of fear
 w - 2 scrolls of noise
 B - 2 scrolls of fog {unknown}
 C - 3 scrolls of enchant weapon {unknown}
 D - 2 scrolls of blinking {unknown}
 E - 3 scrolls of brand weapon {unknown}
 F - 2 scrolls of immolation
 P - 2 scrolls of amnesia {unknown}
 T - a scroll of identify
Potions
 b - 2 potions of magic
 d - a potion of degeneration
 e - 4 potions of enlightenment {unknown}
 f - a potion of berserk rage
 h - a potion of resistance
 p - 2 potions of brilliance
 t - 2 potions of might
 u - a potion of invisibility {unknown}
 v - 3 potions of curing
 z - 4 potions of cancellation {unknown}
 G - 2 potions of attraction {unknown}
 I - a potion of haste {unknown}
 J - a potion of heal wounds {unknown}
 N - a potion of lignification {unknown}


   Skills:
 + Level 9.4 Dodging
 + Level 10.1 Stealth
 + Level 10.3 Spellcasting
 + Level 8.3 Conjurations
 + Level 6.2 Translocations
 + Level 8.8 Fire Magic


You had 13 spell levels left.
You knew the following spells:

 Your Spells              Type           Power      Damage    Failure   Level
a - Foxfire               Conj/Fire      100%       2x1d9     1%          1
b - Scorch                Fire           100%       2d9       1%          2
c - Volatile Blastmotes   Fire/Tloc      100%       2d18      1%          3
d - Inner Flame           Hex/Fire       56%        N/A       1%          3
e - Flame Wave            Conj/Fire      76%        2d17      1%          4
f - Summon Blazeheart Go  Fire/Summ      56%        N/A       6%          4

Your spell library contained the following spells:

 Spells                   Type           Power      Damage    Failure   Level
 Kiss of Death            Conj/Necr      100%       2d13      1%          1
 Gell's Gravitas          Tloc           49%        N/A       1%          3
 Teleport Other           Tloc           49%        N/A       1%          3
 Slow                     Hex            56%        N/A       3%          1
 Summon Small Mammal      Summ           56%        N/A       3%          1
 Manifold Assault         Tloc           49%        N/A       3%          4
 Call Canine Familiar     Summ           14%        N/A       12%         3
 Confusing Touch          Hex            14%        N/A       12%         3
 Fugue of the Fallen      Necr           14%        N/A       12%         3
 Ozocubu's Armour         Ice            14%        N/A       12%         3
 Sigil of Binding         Hex            14%        N/A       12%         3
 Vampiric Draining        Necr           14%        2d7       12%         3
 Dispersal                Tloc           24%        N/A       43%         6
 Metabolic Englaciation   Hex/Ice        7%         N/A       71%         5
 Sculpt Simulacrum        Ice/Alch       7%         N/A       99%         6


Dungeon Overview and Level Annotations

Branches:
Dungeon (10/15)            Temple (1/1) D:4             Orc (1/2) D:9
Ossuary (visited)
   Lair: D:8-11

Altars:
Ashenzari
Cheibriados
Dithmenos
Elyvilon
Fedhas
Gozag
Hepliaklqana
Kikubaaqudgha
Makhleb
Nemelex Xobeh
Okawaru
Qazlal
Ru
Trog
Uskayaw
Vehumet
Wu Jian
Xom
Yredelemnul
Zin
The Shining One

Shops:
D:4 ?

Annotations:
D:6 exclusion: downstairs
D:10 Lodul
Temple 2 transporters


Message History

The orc priest is severely wounded.
The orc priest mumbles some strange prayers to Beogh against you.
Beogh smites you!
You feel a surge of power!
You conjure some foxfire!
The foxfire hits the acid dragon but does no damage.
The foxfire hits the acid dragon.
The acid dragon is lightly wounded.
The orc priest looks satisfied for a moment.
Your foxfire dissipates!
Casting: Foxfire (safe; 1% risk of failure)
Confirm with . or Enter, or press ? or * to list all spells.
You feel a surge of power!
A cloud of volatile blastmotes flares up around you!
Run!
The foxfire hits the acid dragon.
The acid dragon is lightly wounded.
The foxfire hits the acid dragon but does no damage.
The acid dragon is lightly wounded.
The acid dragon spits acid at you. The splash of acid hits you!!
* * * LOW HITPOINT WARNING * * *
You hear an angry hiss.
Casting: Volatile Blastmotes (safe; 1% risk of failure)
Confirm with . or Enter, or press ? or * to list all spells.
You feel a surge of power!
Flames lash the orc priest.
You kill the orc priest!
Vehumet accepts your kill.
You feel your power returning.
Casting: Scorch (safe; 1% risk of failure)
Confirm with . or Enter, or press ? or * to list all spells.
You feel a surge of power!
Flames lash the acid dragon but do no damage.
The cloud of blastmotes explodes!
The concussive blast engulfs the acid dragon.
The acid dragon is moderately wounded.
Vehumet accepts your kill.
You feel your power returning.
You feel a bit more experienced. The concussive blast engulfs you. You resist.
* * * LOW HITPOINT WARNING * * *
You feel better. The acid dragon bites you!
You die...

#.......# #.......#
#...)...# #.......#
#.......# .#
#......)## #.###
.........# #...#
##D.###.#.###
#@..........###
###.....P.......#
#...o....P^......
......#.........P..
###.##P..........P...
#.##.....####.P.P.#
.........# #.....#.
##.##..P..# #.....<.
#####.##
...#.....##+#.....#.


You could see an acid dragon and an orc.

Vanquished Creatures
  Erolcha (D:9)
  A two-headed ogre (D:10)
  An elephant (D:8)
  Jeremiah (D:6)
  Maggie (D:7)
  Psyche (D:9)
  2 wraiths (D:10)
  Sigmund (D:4)
  6 yaks (D:10)
  A shadow (D:10)
  A warg (D:9)
  A water moccasin (D:6)
  3 orc warriors
  A sky beast (D:7)
  2 black bears (D:6)
  2 boggarts (D:10)
  2 centaurs
  8 ogres
  2 kobold brigands
  Blork the orc (D:4)
  3 bullfrogs
  6 scorpions
  6 elf skeletons (D:4)
  10 wights
  15 killer bees
  A bombardier beetle (D:4)
  2 howler monkeys
  A hound (D:7)
  2 jellies
  A human skeleton (D:4)
  9 orc priests
  A sleepcap (D:6)
  3 iguanas
  Jessica (D:3)
  Ijyb (D:3)
  6 orc wizards
  Natasha (thrice) (D:3)
  8 mummies (Ossuary)
  6 adders
  2 white imps
  2 ufetubi (D:5)
  30 orcs
  8 ball pythons
  8 endoplasms
  A giant cockroach (D:1)
  2 gnoll zombies (Ossuary)
  6 goblins
  3 hobgoblins (D:4)
  13 jackals
  17 kobolds
  4 quokkas
  8 bats
  4 frilled lizards
  2 hobgoblin zombies (Ossuary)
  3 orc skeletons (D:4)
  5 orc zombies
  10 rats
252 creatures vanquished.

Vanquished Creatures (collateral kills)
  A two-headed ogre (D:10)
  An ogre (D:10)
  A killer bee (D:10)
  A foxfire (D:8)
4 creatures vanquished.

Vanquished Creatures (others)
  A blazeheart core (D:10)
  963 foxfires
964 creatures vanquished.

Grand Total: 1220 creatures vanquished

Notes
Turn   | Place    | Note
-------+----------+-------------------------------------------
     0 | D:1      | Arctor the Deep Elf Fire Elementalist began the quest for
                  | the Orb.
     0 | D:1      | Reached XP level 1. HP: 10/10 MP: 6/6
    47 | D:1      | Reached XP level 2. HP: 15/15 MP: 0/8
   468 | D:1      | Learned a level 2 spell: Scorch
   981 | D:1      | Reached XP level 3. HP: 19/19 MP: 2/9
  1444 | D:2      | Reached XP level 4. HP: 4/24 MP: 0/11
  1538 | D:2      | Found a faded altar of an unknown god.
  2415 | D:3      | Learned a level 3 spell: Volatile Blastmotes
  2535 | D:3      | Noticed Jessica
  2541 | D:3      | Killed Jessica
  2841 | D:3      | Noticed Natasha
  2847 | D:3      | Killed Natasha
  2848 | D:3      | Reached XP level 5. HP: 21/28 MP: 7/13
  2898 | D:3      | Noticed Ijyb
  2904 | D:3      | Killed Ijyb
  2985 | D:3      | Noticed Natasha
  2987 | D:3      | Killed Natasha
  3010 | D:3      | Noticed Natasha
  3012 | D:3      | Killed Natasha
  3442 | D:4      | Learned a level 3 spell: Inner Flame
  3465 | D:4      | Noticed an ogre
  3469 | D:4      | Killed an ogre
  3470 | D:4      | Reached XP level 6. HP: 32/32 MP: 2/15
  3569 | D:4      | Found a staircase to the Ecumenical Temple.
  3585 | D:4      | Noticed Blork the orc
  3589 | D:4      | Killed Blork the orc
  3681 | D:4      | Found Eqepputhreu's Magic Scroll Shoppe.
  3685 | D:4      | Reached skill level 5 in Spellcasting
  3717 | D:4      | Noticed Sigmund
  3731 | D:4      | Killed Sigmund
  3732 | D:4      | Reached XP level 7. HP: 24/36 MP: 3/17
  3735 | D:4      | Reached skill level 5 in Stealth
  3735 | D:4      | Reached skill level 5 in Fire Magic
  3859 | D:4      | Reached skill level 5 in Dodging
  4132 | D:4      | Found a sand-covered staircase.
  4174 | Ossuary  | Entered an ossuary
  4773 | D:4      | Reached XP level 8. HP: 41/41 MP: 10/19
  5817 | Temple   | Found a transporter.
  5817 | Temple   | Found a transporter.
  5817 | Temple   | Found a transporter.
  5817 | Temple   | Found a transporter.
  5817 | Temple   | Entered the Ecumenical Temple
  5835 | D:5      | Entered Level 5 of the Dungeon
  5980 | D:5      | Learned a level 4 spell: Flame Wave
  6017 | D:5      | Reached skill level 5 in Conjurations
  6081 | D:5      | Identified a scroll of acquirement
  6084 | D:5      | Acquired the amulet "Kuqo" {RegenMP *Corrode rN+ Int+3}
  6366 | D:5      | Reached skill level 1 in Translocations
  7078 | D:6      | Reached XP level 9. HP: 45/45 MP: 19/22
  7295 | D:6      | Noticed Jeremiah
  7311 | D:6      | Killed Jeremiah
  7864 | D:6      | Learned a level 4 spell: Summon Blazeheart Golem
  7999 | D:7      | Noticed Maggie
  8009 | D:7      | Killed Maggie
  8229 | D:7      | You fall into a shaft and drop 3 floors!
  8229 | D:10     | Entered Level 10 of the Dungeon
  8229 | D:10     | Found a radiant altar of Vehumet.
  8234 | D:10     | Became a worshipper of Vehumet
  8295 | D:10     | Reached XP level 10. HP: 42/50 MP: 9/24
  8371 | D:10     | Noticed Lodul
  8606 | D:10     | Found a basalt altar of Yredelemnul.
  8751 | D:10     | Noticed a two-headed ogre
  8751 | D:10     | Noticed a two-headed ogre
  8760 | D:10     | Killed a two-headed ogre
  8761 | D:10     | Reached skill level 5 in Translocations
  8762 | D:10     | Killed a two-headed ogre
  8769 | D:10     | Noticed a two-headed ogre
  8789 | D:9      | Noticed Erolcha
  8829 | D:9      | Killed Erolcha
  9066 | D:9      | Reached skill level 10 in Spellcasting
  9067 | D:9      | Reached * piety under Vehumet
  9067 | D:9      | Offered knowledge of Sandblast by Vehumet.
  9138 | D:9      | Reached XP level 11. HP: 32/54 MP: 18/27
  9257 | D:9      | Noticed Psyche
  9262 | D:9      | Killed Psyche
  9614 | D:9      | Found a staircase to the Orcish Mines.
  9628 | Orc:1    | Entered Level 1 of the Orcish Mines
  9779 | D:8      | Found a stormy altar of Qazlal.
  9827 | D:8      | Reached skill level 10 in Stealth
  9835 | D:8      | Offered knowledge of Kiss of Death by Vehumet.
 10131 | D:8      | Reached ** piety under Vehumet
 10217 | D:8      | Found an ornate altar of the Wu Jian Council.
 10419 | D:8      | Slain by an acid dragon

Illustrated notes

Levels and vault maps discovered:
D:1:      mushboom_english_gardens, layout_loops_cross
D:2:      layout_loops_ring, ebering_ecumenical_altar_rust, skrybe_limestone_x,
          minivault_4, minmay_misc_feat_tower, minmay_misc_feat_roman,
          chequers_serial_rivers_micro_d
D:3:      layout_basic, minmay_pentomino_pile, uniq_natasha, uniq_jessica,
          uniq_ijyb
D:4:      minmay_opposing_rooms, layout_rooms, minmay_temple_entry_mist,
          nicolae_ossuary_entry_catacombs, serial_shops,
          nicolae_shop_statue_plus, uniq_sigmund, uniq_blork_the_orc
D:5:      layout_loops_corners
D:6:      layout_loops_cross, uniq_jeremiah
D:7:      kennysheep_spiral_hall, layout_rooms, uniq_maggie
D:8:      layout_loops_cross, nzn_wu_jian_council_hall, grunt_qazlal_sundering,
          grunt_lair_entry_orc_guard_hut
D:9:      layout_loops_ring, mainiacjoe_overflow_alcove_2, david_orc_2,
          uniq_erolcha, uniq_psyche
D:10:     layout_irregular_city, mainiacjoe_overflow_catch_the_wave,
          nicolae_phantomly_mirrored, uniq_lodul
Temple:   hellmonk_temple_divided_pantheon
Orc:1:    layout_caves, serial_shops, nicolae_shop_tiny_glass,
          nicolae_shop_gadgets

Skill      XL: |  1  2  3  4  5  6  7  8  9 10 11 |
---------------+----------------------------------+-----
Stealth        | 3 4 5 7 8 9 10 | 10.1
Dodging        | 3 4 5 6 7 9 |  9.4
Conjurations   | 2 3 4 5 6 7 8 |  8.3
Spellcasting   | 4 5 6 7 8 10 | 10.3
Fire Magic     | 4 5 6 7 8 |  8.8
Translocations | 2 4 5 6 |  6.2

Action                     |  1- 3 |  4- 6 |  7- 9 | 10-12 || total
---------------------------+-------+-------+-------+-------++-------
  Melee: Unarmed           |    14 |       |       |       ||    14
         Trident           |       |     2 |    14 |     5 ||    21
   Cast: Foxfire           |    91 |   122 |   271 |   120 ||   604
         Scorch            |     2 |    14 |    72 |    58 ||   146
         Volatile Blastmot |       |       |     6 |    36 ||    42
         Flame Wave        |       |       |     5 |     6 ||    11
         Inner Flame       |       |       |     2 |     3 ||     5
         Summon Blazeheart |       |       |     1 |     7 ||     8
    Use: Scroll            |       |     6 |     9 |     1 ||    16
         Potion            |       |       |       |     1 ||     1
   Stab: Sleeping          |       |     1 |     2 |     1 ||     4
 Armour: Robe              |    20 |     3 |    43 |    35 ||   101
  Dodge: Dodged            |    13 |     5 |    50 |    65 ||   133
